[Event "fics rated crazyhouse match"]
[Site "fics, Oklahoma City, OK USA"]
[Date "2000.12.22"]
[White "GusMcClain"]
[WhiteElo "2258"]
[Black "pminear"]
[BlackElo "2560"]
[TimeControl "60+0"]
[Result "1-0"]

1. e4 e5 2. Nc3 Nc6 3. Nf3 Bc5 4. Bc4 Nf6 5. d3 O-O 6. O-O 
d6 7. Bg5 Bg4 8. h3 Bxf3 9. Qxf3 Nd4 10. Qd1 N@e6 11. B@h4 Nxg5 
12. Bxg5 B@e7 13. N@f5 Nxf5 14. exf5 N@g3 15. Kh2 Nxf5 16. N@g3 Nxg3 17. fxg3 
N@e3 18. Bxe3 Bxe3 19. N@f5 P@f4 20. Nxe3 fxg3+ 21. Kxg3 P@f4+ 22. Kh2 fxe3 
23. N@f5 B@f4+ 24. g3 N@f2 25. Rxf2 exf2 26. gxf4 exf4 27. B@h4 P@g3+ 28. Nxg3 
fxg3+ 29. Bxg3 R@e1 30. Bxf2 Rxd1 31. Rxd1 N@f3+ 32. Kg2 Q@h2+ 33. Kxf3 d5 
34. B@g3 Qxh3 35. R@h4 P@g4+ 36. Ke2 Qg2 37. N@f4 Qf3+ 38. Kd2 dxc4 39. P@e2 
B@e3+ 40. Bxe3 Qxg3 41. Rhh1 cxd3 42. cxd3 B@b4 43. B@f2 Bxc3+ 44. bxc3 Ne4+ 
45. Kc2 N@a3+ 46. Kb2 Nxf2 47. P@e6 fxe6 48. Nxe6 Qxe3 49. N@h6+ gxh6 50. P@f7+ 
Rxf7 51. P@d2 N@c4+ 52. Kb3 Qxd2 53. Rxd2 Qd6 54. Q@g7# 
{pminear forfeits on time} 1-0

[Event "fics rated crazyhouse match"]
[Site "fics, Oklahoma City, OK USA"]
[Date "2000.12.22"]
[White "jiggaman"]
[WhiteElo "2142"]
[Black "pminear"]
[BlackElo "2546"]
[TimeControl "60+0"]
[Result "1-0"]

1. e4 e5 2. d4 exd4 3. Bc4 Nc6 4. Nf3 Bc5 5. O-O Nf6 6. e5 
Ng4 7. Bg5 Be7 8. Bxe7 Qxe7 9. B@h4 Qc5 10. Qe2 P@e3 11. Bxf7+ Kxf7 
12. fxe3 B@f5 13. Ng5+ Ke8 14. Rxf5 B@d5 15. P@f7+ Bxf7 16. Nxf7 Rf8 17. Qxg4 
dxe3 18. Nc3 e2+ 19. Kh1 P@f6 20. N@d6+ cxd6 21. Nxd6+ Kd8 22. exf6 Kc7 
23. Ndb5+ Kb6 24. Rxc5 a6 25. Q@c7+ Kxc5 26. B@d6# 
{pminear checkmated} 1-0

[Event "fics rated crazyhouse match"]
[Site "fics, Oklahoma City, OK USA"]
[Date "2000.12.22"]
[White "pminear"]
[WhiteElo "2531"]
[Black "jiggaman"]
[BlackElo "2157"]
[TimeControl "60+0"]
[Result "1-0"]

1. e4 e6 2. Nc3 Nc6 3. d4 Bb4 4. a3 Bxc3+ 5. bxc3 Nf6 6. e5 
Nd5 7. c4 Nc3 8. Qd3 N@e4 9. B@f3 Nxf2 10. Kxf2 Qh4+ 11. g3 Qxd4+ 
12. Qxd4 Nxd4 13. Be3 Nf5 14. N@h5 Rg8 15. Bg5 P@e3+ 16. Kg2 Q@f2+ 17. Kh3 
f6 18. exf6 e2 19. fxg7 exf1=Q+ 20. Rxf1 Qxf1+ 21. P@g2 P@g4+ 22. Bxg4 B@d8 
23. Bxd8 Qxg1 24. P@f7+ Kxf7 25. Q@f6# 
{jiggaman resigns} 1-0

[Event "fics rated crazyhouse match"]
[Site "fics, Oklahoma City, OK USA"]
[Date "2000.12.22"]
[White "pminear"]
[WhiteElo "2533"]
[Black "GusMcClain"]
[BlackElo "2272"]
[TimeControl "60+0"]
[Result "1-0"]

1. e4 e6 2. Nc3 Nf6 3. e5 Nd5 4. Nxd5 exd5 5. d4 d6 6. Nf3 
Nc6 7. Bb5 Bd7 8. Qe2 N@e4 9. c4 Nxd4 10. Nxd4 dxe5 11. cxd5 Bxb5 
12. Qxb5+ B@d7 13. P@c6 bxc6 14. dxc6 Bxc6 15. Qxc6+ P@d7 16. Qxe4 Be7 17. Qxe5 
P@f6 18. Qe2 O-O 19. P@h6 P@g6 20. hxg7 Re8 21. N@h6+ Kxg7 22. N@f5+ gxf5 
23. Ndxf5+ Kg6 24. B@h5# 
{GusMcClain checkmated} 1-0

[Event "fics rated crazyhouse match"]
[Site "fics, Oklahoma City, OK USA"]
[Date "2000.12.22"]
[White "GusMcClain"]
[WhiteElo "2269"]
[Black "pminear"]
[BlackElo "2536"]
[TimeControl "60+0"]
[Result "0-1"]

1. e4 e5 2. Nc3 Nc6 3. Nf3 Bc5 4. Bc4 Nf6 5. d3 O-O 6. O-O 
d6 7. Bg5 Bg4 8. Bxf6 Qxf6 9. Nd5 Qh6 10. N@e7+ Kh8 11. Nf5 Bxf5 
12. exf5 B@g4 13. B@g5 Qh5 14. f6 gxf6 15. Bxf6+ P@g7 16. Bxg7+ Kxg7 17. P@f6+ 
Kg6 18. Ne7+ Kxf6 19. Nxc6 bxc6 20. N@e4+ Ke7 21. P@f6+ Kd7 22. Re1 Bxf3 
23. Qxf3 Qxf3 24. gxf3 N@h3+ 25. Kf1 B@g2+ 26. Ke2 Bxf3+ 27. Kxf3 N@d4+ 28. Ke3 
Q@f4# 
{GusMcClain checkmated} 0-1

[Event "fics rated crazyhouse match"]
[Site "fics, Oklahoma City, OK USA"]
[Date "2000.12.22"]
[White "pminear"]
[WhiteElo "2539"]
[Black "GusMcClain"]
[BlackElo "2266"]
[TimeControl "60+0"]
[Result "0-1"]

1. e4 Nf6 2. Nc3 d5 3. exd5 Nxd5 4. d4 e6 5. Bd3 Bb4 6. Bd2 
Nc6 7. Nf3 Bxc3 8. bxc3 N@f4 9. Bf1 P@e4 10. B@g5 exf3 11. Bxd8 fxg2 
12. Bxg2 Nxg2+ 13. Kf1 B@h3 14. B8g5 Ngf4+ 15. P@g2 Bxg2+ 16. Ke1 Bxh1 17. Bdxf4 
N@g2+ 18. Kd2 Ngxf4 19. Bxf4 Nxf4 20. N@b5 B@a5 21. P@b2 Bf3 22. Qxf3 R@e2+ 
23. Kd1 B@h5 24. N@d6+ cxd6 25. Nxd6+ Ke7 26. B@g5+ f6 27. Qxh5 Nxh5 28. Q@f7+ 
Kxd6 29. B@c5+ Kd5 30. P@c4+ Ke4 31. f3+ Kf5 
{pminear forfeits on time} 0-1

[Event "fics rated crazyhouse match"]
[Site "fics, Oklahoma City, OK USA"]
[Date "2000.12.22"]
[White "GusMcClain"]
[WhiteElo "2279"]
[Black "pminear"]
[BlackElo "2526"]
[TimeControl "60+0"]
[Result "0-1"]

1. e4 e5 2. Nc3 Nc6 3. Nf3 Bc5 4. Bc4 Nf6 5. d3 O-O 6. O-O 
d6 7. Bg5 Bg4 8. Bxf6 Qxf6 9. Nd5 Qh6 10. N@e7+ Kh8 11. Nf5 Qh5 
12. Ng3 Bxf3 13. Nxh5 Bxd1 14. Nxg7 B@f3 15. Q@g5 N@h3+ 16. Kh1 Q@g1+ 17. Rxg1 
Nxf2# 
{GusMcClain checkmated} 0-1

[Event "fics rated crazyhouse match"]
[Site "fics, Oklahoma City, OK USA"]
[Date "2000.12.22"]
[White "pminear"]
[WhiteElo "2529"]
[Black "GusMcClain"]
[BlackElo "2276"]
[TimeControl "60+0"]
[Result "0-1"]

1. e4 Nf6 2. Nc3 d5 3. exd5 Nxd5 4. d4 e6 5. Bd3 Bb4 6. Bd2 
Bxc3 7. bxc3 N@f4 8. Bf1 P@e4 9. c4 Nxg2+ 10. Bxg2 Nf6 11. B@h4 Qxd4 
12. Be3 Qc3+ 13. N@d2 P@d3 14. Bxf6 gxf6 15. N@b5 Qxc2 16. Nxc7+ Kd8 17. Nxa8 
Qxd1+ 18. Rxd1 P@c7 19. Nxc7 B@a5 20. Nxe6+ Bxe6 21. P@e7+ Kxe7 22. P@d6+ Kxd6 
23. c5+ Kd7 24. Q@d6+ Kc8 25. Bxe4 N@c2+ 26. Kf1 P@e2+ 27. Kg2 Q@g4+ 28. R@g3 
P@h3+ 29. Nxh3 Qxh3+ 30. Rxh3 Bxh3+ 31. Kxh3 P@g4+ 32. Kxg4 N@e5+ 33. Qxe5 R@h4+ 
34. Kxh4 fxe5 35. N@d6+ Kd7 
{pminear forfeits on time} 0-1

[Event "fics rated crazyhouse match"]
[Site "fics, Oklahoma City, OK USA"]
[Date "2000.12.22"]
[White "jiggaman"]
[WhiteElo "2155"]
[Black "pminear"]
[BlackElo "2516"]
[TimeControl "60+0"]
[Result "0-1"]

1. e4 e5 2. d4 exd4 3. Bc4 Nc6 4. Nf3 Bc5 5. O-O Nf6 6. e5 
Ng4 7. Bg5 Be7 8. Bxe7 Qxe7 9. B@h4 Qc5 10. Nbd2 Ncxe5 11. Bxf7+ Nxf7 
12. Ne4 Qh5 13. h3 Ngh6 14. P@f6 B@f8 15. fxg7 Bxg7 16. Bf6 B@f8 17. P@g4 
Qg6 18. Bxg7 Bxg7 19. B@h5 Qxe4 20. Re1 P@e3 21. Bxf7+ Nxf7 22. N@g5 Nxg5 
23. Nxg5 exf2+ 24. Kxf2 B@e3+ 25. Rxe3 Qxe3# 
{jiggaman resigns} 0-1

[Event "fics rated crazyhouse match"]
[Site "fics, Oklahoma City, OK USA"]
[Date "2000.12.22"]
[White "pminear"]
[WhiteElo "2518"]
[Black "jiggaman"]
[BlackElo "2153"]
[TimeControl "60+0"]
[Result "1-0"]

1. e4 e6 2. Nc3 Bb4 3. a3 Bxc3 4. dxc3 Nf6 5. e5 Nd5 6. c4 
Nb6 7. B@g5 N@e7 8. Bxe7 Qxe7 9. N@h5 Rg8 10. Nh3 d6 11. Nxg7+ Kd8 
12. P@f6 Qe8 13. Nxe8 Rxe8 14. exd6 Nc6 
{jiggaman resigns} 1-0

[Event "fics rated crazyhouse match"]
[Site "fics, Oklahoma City, OK USA"]
[Date "2000.12.22"]
[White "jiggaman"]
[WhiteElo "2151"]
[Black "pminear"]
[BlackElo "2520"]
[TimeControl "60+0"]
[Result "0-1"]

1. e4 e5 2. d4 exd4 3. Bc4 Nc6 4. Nf3 Bc5 5. O-O Nf6 6. e5 
Ng4 7. Bg5 Be7 8. Bxe7 Qxe7 9. B@h5 Ngxe5 10. Nxe5 Nxe5 11. Re1 P@e3 
12. Qxd4 B@c5 13. Qxe5 Qxe5 14. Bhxf7+ Kd8 15. P@e7+ Qxe7 
{jiggaman resigns} 0-1

[Event "fics rated crazyhouse match"]
[Site "fics, Oklahoma City, OK USA"]
[Date "2000.12.23"]
[White "Ursa"]
[WhiteElo "2232"]
[Black "JiggaB"]
[BlackElo "2340"]
[TimeControl "60+0"]
[Result "0-1"]

1. e4 e6 2. d4 Nc6 3. e5 d6 4. Nf3 dxe5 5. Bb5 exd4 6. Bxc6+ 
bxc6 7. Nxd4 Bb7 8. N@e5 B@d5 9. P@f3 Bb4+ 10. Bd2 Bxd2+ 11. Nxd2 B@f6 
12. B@g3 P@d6 13. Nexc6 Bbxc6 14. Nxc6 Bxc6 15. B@c3 P@d4 16. Bb4 N@d5 17. Ba3 
N@b5 18. Ne4 Nxa3 19. bxa3 Nc3 20. Nxf6+ Nxf6 21. Qxd4 B@e5 22. Bxe5 dxe5 
23. Qxc3 Bd5 24. B@a4+ B@d7 25. Bxd7+ Qxd7 26. Qxe5 N@c4 27. Qe2 B@d2+ 28. Kf1 
O-O 29. P@d3 Bc3 30. Rd1 Nb2 31. Rb1 Bxa2 32. Rxb2 Bxb2 33. P@h6 R@b1+ 
34. B@e1 gxh6 35. P@g7 Kxg7 36. B@h4 P@g6 37. Bxf6+ Bxf6 38. N@g4 B@c3 39. Nxf6 
Bxe1 40. Nxd7 Bb4+ 41. B@d1 P@e7 42. Q@e5+ P@f6 43. Nxf6 exf6 44. Qxf6+ Kxf6 
45. N@g4+ Ke7 46. P@f6+ Kd7 47. N@e5+ Kc8 48. P@d7+ Kb7 
{Ursa forfeits on time} 0-1

[Event "fics rated crazyhouse match"]
[Site "fics, Oklahoma City, OK USA"]
[Date "2000.12.23"]
[White "JiggaB"]
[WhiteElo "2354"]
[Black "Thufir"]
[BlackElo "2274"]
[TimeControl "60+0"]
[Result "1-0"]

1. e4 e6 2. Nc3 Nc6 3. Nf3 Nf6 4. d4 Bb4 5. Bd3 d5 6. e5 
Ne4 7. O-O Nxc3 8. bxc3 Bxc3 9. Bg5 P@e7 10. N@h5 Rg8 11. Bxh7 Nxd4 
12. Nxd4 Bxd4 13. Bxg8 Bxe5 14. P@f4 Bxa1 15. Qxa1 N@e2+ 16. Kh1 N@e4 17. B@e3 
P@f6 18. Nxg7+ Kf8 19. Bh6 R@g6 20. Nxe6+ Ke8 21. R@f8+ Kd7 22. Rxd8+ Kxe6 
23. N@d4+ Nxd4 24. Qxd4 P@d7 25. f5+ Kxf5 26. N@h4+ Ke6 27. Q@f5+ Kd6 28. Qdxd5# 
{Thufir checkmated} 1-0

[Event "fics rated crazyhouse match"]
[Site "fics, Oklahoma City, OK USA"]
[Date "2000.12.23"]
[White "Thufir"]
[WhiteElo "2268"]
[Black "JiggaB"]
[BlackElo "2360"]
[TimeControl "60+0"]
[Result "0-1"]

1. e4 e6 2. Nc3 Nc6 3. d4 Nf6 4. e5 Nd5 5. Nxd5 exd5 6. Bb5 
d6 7. Qe2 dxe5 8. Qxe5+ Qe7 9. N@h5 Bd7 10. Bxc6 bxc6 11. Nxg7+ Bxg7 
12. Qxe7+ Kxe7 13. P@e5 B@a5+ 14. N@c3 Bxc3+ 15. bxc3 Q@e4+ 16. Be3 N@h4 17. P@f6+ 
Kd8 18. fxg7 Nxg2+ 19. Kf1 Nxe3+ 20. fxe3 P@g2+ 21. Ke2 Bg4+ 22. B@f3 Bxf3+ 
23. Nxf3 N@f4+ 24. Kd2 N@c4+ 25. Kd1 gxh1=Q+ 26. N@e1 Qexf3+ 27. Kc1 B@b2+ 28. Kb1 
N@a3# 
{Thufir checkmated} 0-1

[Event "fics rated crazyhouse match"]
[Site "fics, Oklahoma City, OK USA"]
[Date "2000.12.23"]
[White "JiggaB"]
[WhiteElo "2366"]
[Black "Thufir"]
[BlackElo "2262"]
[TimeControl "60+0"]
[Result "0-1"]

1. e4 e6 2. Nc3 Nc6 3. d4 Bb4 4. Nf3 Nf6 5. Bd3 d5 6. e5 
Ne4 7. O-O Bxc3 8. bxc3 Nxc3 9. Qd2 P@e4 10. Qxc3 exf3 11. gxf3 N@h3+ 
12. Kh1 N@f4 13. Bxf4 Nxf4 14. N@e3 Nxd3 15. cxd3 B@e2 16. B@g4 Bxf1 17. Rxf1 
B@f4 18. N@h5 Bxe3 19. fxe3 Rg8 20. B@a4 Bd7 21. P@f4 f6 22. exf6 gxf6 
23. Bxc6 bxc6 24. N@g7+ Kf7 25. N@h6+ Kg6 26. P@g5 fxg5 27. fxg5 Qxg5 28. B@f4 
P@g2+ 29. Kxg2 N@h4+ 30. Kg1 P@g2 31. Kf2 gxf1=Q+ 32. Kxf1 P@g2+ 33. Ke2 B@f1+ 
34. Kd1 R@b1+ 35. Kd2 R@d1+ 36. Kc2 Rdc1+ 37. Kd2 Rxc3 38. P@f5+ exf5 39. Bxf5+ 
Bxf5 
{JiggaB forfeits on time} 0-1

[Event "fics rated crazyhouse match"]
[Site "fics, Oklahoma City, OK USA"]
[Date "2000.12.23"]
[White "Thufir"]
[WhiteElo "2272"]
[Black "JiggaB"]
[BlackElo "2356"]
[TimeControl "60+0"]
[Result "1-0"]

1. e4 e6 2. d4 Nc6 3. Nf3 Nf6 4. e5 Nd5 5. Be2 Bb4+ 6. c3 
Be7 7. O-O d6 8. c4 Nb6 9. exd6 cxd6 10. Be3 d5 11. c5 Nc4 
12. Bxc4 dxc4 13. Nc3 P@c7 14. N@h5 Rg8 15. Ng3 B@g6 16. P@b5 Nb4 17. Ne5 
Nd5 18. Nxd5 exd5 19. c6 bxc6 20. Nxc6 Qd6 21. Nxe7 Qxe7 22. N@c6 Qd7 
23. P@h5 Be4 24. Nxe4 dxe4 25. Ne5 Qe7 26. B@c6+ P@d7 27. Bxa8 Qxe5 28. dxe5 
N@h4 29. B@c6 dxc6 30. Q@d8# 
{JiggaB checkmated} 1-0

[Event "fics rated crazyhouse match"]
[Site "fics, Oklahoma City, OK USA"]
[Date "2000.12.23"]
[White "JiggaB"]
[WhiteElo "2346"]
[Black "Thufir"]
[BlackElo "2282"]
[TimeControl "60+0"]
[Result "0-1"]

1. e4 e6 2. Nc3 Nc6 3. Nf3 Nf6 4. e5 Nd5 5. Nxd5 exd5 6. d4 
d6 7. Be3 dxe5 8. Nxe5 P@f6 9. Nxc6 bxc6 10. P@h6 Rg8 11. hxg7 Bxg7 
12. N@h5 Bh8 13. Bd3 Bg4 14. Qxg4 Rxg4 15. B@f3 Rg8 16. Bxh7 N@h4 17. Bxg8 
Nxf3+ 18. gxf3 N@g2+ 19. Kd1 Nxe3+ 20. fxe3 B@g6 21. N@g7+ Bxg7 22. Nxg7+ Kf8 
23. N@e6+ fxe6 24. Nxe6+ Ke7 25. Nxd8 Bxc2+ 26. Ke1 N@d3+ 27. Kd2 Q@f2+ 28. P@e2 
N@c4+ 29. Kxc2 Qxe2+ 30. Kb3 B@c2+ 31. Kc3 P@b4# 
{JiggaB checkmated} 0-1

[Event "fics rated crazyhouse match"]
[Site "fics, Oklahoma City, OK USA"]
[Date "2000.12.23"]
[White "Thufir"]
[WhiteElo "2291"]
[Black "JiggaB"]
[BlackElo "2337"]
[TimeControl "60+0"]
[Result "1-0"]

1. e4 e6 2. d4 Nc6 3. Nf3 Nf6 4. e5 Nd5 5. c4 Nb6 6. Be2 
d6 7. O-O dxe5 8. Nxe5 Nxe5 9. dxe5 Bd7 10. Nc3 Bc6 11. P@h6 Qxd1 
12. Nxd1 N@h3+ 13. Kh1 P@c2 14. hxg7 Bxg7 15. P@f6 O-O-O 16. N@e7+ Kb8 17. Nxc6+ 
bxc6 18. fxg7 cxd1=Q 19. B@g3 Qxe2 20. Bcf4 Nxf4 21. Bxf4 P@f3 22. N@a6+ Ka8 
23. B@b7+ Kxb7 24. Nc5+ Kb8 25. Q@b7# 
{JiggaB checkmated} 1-0

[Event "fics rated crazyhouse match"]
[Site "fics, Oklahoma City, OK USA"]
[Date "2000.12.23"]
[White "JiggaB"]
[WhiteElo "2328"]
[Black "Thufir"]
[BlackElo "2300"]
[TimeControl "60+0"]
[Result "1-0"]

1. d4 e6 2. Nf3 d6 3. Nc3 Nf6 4. e4 Be7 5. Bg5 Nc6 6. Bb5 
Bd7 7. d5 exd5 8. exd5 Ne5 9. Nxe5 dxe5 10. P@e6 Bxb5 11. Nxb5 fxe6 
12. dxe6 B@a5+ 13. B@c3 Bxc3+ 14. bxc3 P@d2+ 15. Qxd2 Qxd2+ 16. Bxd2 B@h5 17. P@d7+ 
Kd8 18. N@f7+ Bxf7 19. exf7 Kxd7 20. B@f5+ P@e6 21. B@e8+ Raxe8 22. fxe8=Q+ Rxe8 
23. Bxe6+ Kxe6 24. P@f5+ Kf7 25. Q@e6+ Kf8 26. R@f7+ Kg8 27. Rxe7+ Kh8 28. Rxe8+ 
N@g8 29. Rxg8+ Nxg8 30. N@f7# 
{Thufir checkmated} 1-0

[Event "fics rated crazyhouse match"]
[Site "fics, Oklahoma City, OK USA"]
[Date "2000.12.23"]
[White "Thufir"]
[WhiteElo "2293"]
[Black "JiggaB"]
[BlackElo "2335"]
[TimeControl "60+0"]
[Result "1-0"]

1. e4 e6 2. d4 Nc6 3. Nc3 Bb4 4. Nf3 Nf6 5. e5 Ne4 6. Bd3 
Nxf2 7. Kxf2 Nxd4 8. Rf1 Bxc3 9. bxc3 N@g4+ 10. Kg1 Nxf3+ 11. Qxf3 Nxe5 
12. Qg3 N@g6 13. N@h5 Rg8 14. B@g5 P@e7 15. Bxg6 Nxg6 16. Ba3 d6 17. Rae1 
P@c5 18. N@g4 P@f5 19. N@f6+ gxf6 20. Ngxf6+ exf6 21. Nxf6+ Kf8 22. Nxh7+ Ke8 
23. Nf6+ Qxf6 24. Bxf6 B@e7 25. Bxe7 Nxe7 26. Qxg8+ Nxg8 27. Q@h8 Q@g6 28. R@g3 
B@g4 29. B@h7 Qg5 30. Bxg8 Kd7 31. Bxf7 N@f4 32. Qe8# 
{JiggaB checkmated} 1-0

[Event "fics rated crazyhouse match"]
[Site "fics, Oklahoma City, OK USA"]
[Date "2000.12.23"]
[White "JiggaB"]
[WhiteElo "2326"]
[Black "Thufir"]
[BlackElo "2302"]
[TimeControl "60+0"]
[Result "1-0"]

1. e4 e6 2. Nc3 Nc6 3. d4 Bb4 4. Nf3 Nf6 5. Bd3 d5 6. e5 
Ne4 7. Bd2 Nxd2 8. Qxd2 B@e4 9. Bxe4 dxe4 10. Ng5 Qxd4 11. Rd1 P@d3 
12. B@e3 Qxe5 13. Nxf7 Kxf7 14. N@g5+ Ke7 15. P@f4 Qa5 16. cxd3 Bxc3 17. bxc3 
exd3 18. Qxd3 P@d5 19. B@c5+ P@d6 20. Bcd4 Qxa2 21. Bxg7 N@c2+ 22. Kf1 Nxe3+ 
23. fxe3 P@e2+ 24. Qxe2 Qxe2+ 25. Kxe2 B@b5+ 26. P@d3 Q@c2+ 27. P@d2 Bxd3+ 28. Ke1 
P@e2 29. Q@f6+ Kd7 30. Qxe6+ Kd8 31. Nf7# 
{Thufir checkmated} 1-0

[Event "fics rated crazyhouse match"]
[Site "fics, Oklahoma City, OK USA"]
[Date "2000.12.23"]
[White "Thufir"]
[WhiteElo "2330"]
[Black "Blackcomb"]
[BlackElo "2180"]
[TimeControl "60+0"]
[Result "1-0"]

1. e4 e6 2. d4 Nc6 3. Nc3 Nf6 4. e5 Nd5 5. Nxd5 exd5 6. Bb5 
d6 7. Qe2 N@e4 8. N@h5 a6 9. Bxc6+ bxc6 10. exd6 Bxd6 11. Nxg7+ Kf8 
12. Bh6 Kg8 13. Nh5 B@f6 14. P@g7 Bxg7 15. Bxg7 Qg5 16. N@h6+ Qxh6 17. Bxh6 
N@e6 18. Qxe4 dxe4 19. Nf6# 
{Blackcomb checkmated} 1-0

[Event "fics rated crazyhouse match"]
[Site "fics, Oklahoma City, OK USA"]
[Date "2000.12.23"]
[White "Blackcomb"]
[WhiteElo "2175"]
[Black "Thufir"]
[BlackElo "2335"]
[TimeControl "60+0"]
[Result "1-0"]

1. e4 e6 2. Nc3 Nc6 3. d4 Bb4 4. a3 Ba5 5. Nf3 Nf6 6. Bd3 
d5 7. e5 Ne4 8. O-O Bxc3 9. bxc3 Nxc3 10. Bg5 Qd7 11. Qe1 P@e4 
12. Qxc3 exd3 13. N@c5 N@e2+ 14. Kh1 Nxc3 15. Nxd7 Bxd7 16. B@d6 N@e4 17. Bxc7 
Nxg5 18. Nxg5 O-O 19. P@f6 B@h5 20. N@h6+ Kh8 21. Q@g8+ Rxg8 22. Ngxf7+ Bxf7 
23. Nxf7# 
{Thufir checkmated} 1-0

[Event "fics rated crazyhouse match"]
[Site "fics, Oklahoma City, OK USA"]
[Date "2000.12.23"]
[White "Thufir"]
[WhiteElo "2324"]
[Black "Blackcomb"]
[BlackElo "2186"]
[TimeControl "60+0"]
[Result "1-0"]

1. e4 e6 2. Nc3 Nc6 3. d4 Bb4 4. Nf3 Nf6 5. e5 Ne4 6. Bd3 
Nxf2 7. Kxf2 Nxd4 8. Rf1 Nf5 9. Bxf5 exf5 10. N@h5 Rg8 11. Kg1 B@g4 
12. N@f6+ gxf6 13. Nxf6+ Qxf6 14. exf6 P@h3 15. P@e7 N@c6 16. Nd5 Nxe7 17. fxe7 
Bxe7 18. N@f6+ Kd8 19. Nxg8 hxg2 20. Ngxe7 N@h3+ 21. Kxg2 Bxf3+ 22. Qxf3 N@h4+ 
23. Kxh3 Nxf3 24. R@f8+ Q@e8 25. Rxe8+ Kxe8 26. N@f6+ Kf8 27. Q@g8# 
{Blackcomb checkmated} 1-0

[Event "fics rated crazyhouse match"]
[Site "fics, Oklahoma City, OK USA"]
[Date "2000.12.23"]
[White "Blackcomb"]
[WhiteElo "2181"]
[Black "Thufir"]
[BlackElo "2329"]
[TimeControl "60+0"]
[Result "0-1"]

1. e4 e6 2. Nc3 Nc6 3. d4 Bb4 4. a3 Ba5 5. Nf3 Nf6 6. Bd3 
d5 7. e5 Ne4 8. O-O Bxc3 9. bxc3 Nxc3 10. Bg5 f6 11. B@h5+ Kf8 
12. Qe1 N@e4 13. Bxe4 Nxe4 14. exf6 gxf6 15. Bh6+ P@g7 16. Bxg7+ Kxg7 17. N@f7 
Qe8 18. Nxh8 Qxh5 19. R@f7+ Qxf7 20. Nxf7 Kxf7 21. Qxe4 dxe4 22. N@h6+ Kg6 
23. P@h5+ Kxh6 24. P@g5+ fxg5 25. Nxg5 B@f4 26. Nf7+ Kg7 27. h6+ Bxh6 28. Nxh6 
N@h3+ 29. gxh3 R@g2+ 30. Kh1 Rxh2+ 31. Kxh2 N@f3+ 32. Kg2 Q@h2# 
{Blackcomb checkmated} 0-1

[Event "fics rated crazyhouse match"]
[Site "fics, Oklahoma City, OK USA"]
[Date "2000.12.23"]
[White "Thufir"]
[WhiteElo "2334"]
[Black "Blackcomb"]
[BlackElo "2176"]
[TimeControl "60+0"]
[Result "0-1"]

1. e4 e6 2. d4 Nc6 3. Nf3 Nf6 4. e5 Nd5 5. Be2 Be7 6. O-O 
d6 7. c4 Nb6 8. exd6 cxd6 9. Be3 O-O 10. Nc3 f5 11. d5 f4 
12. Bxb6 axb6 13. dxc6 bxc6 14. P@d5 P@e3 15. dxc6 exf2+ 16. Kh1 P@g3 17. P@b7 
Bxb7 18. cxb7 Rb8 19. B@a6 gxh2 20. Rxf2 P@e3 21. Rf1 B@g4 22. N@e4 Bxf3 
23. Bxf3 P@f5 24. Kxh2 fxe4 25. Nxe4 P@g3+ 26. Kh1 d5 27. cxd5 exd5 28. B@e6+ 
P@f7 29. Bxd5 N@f6 30. Nxf6+ Bxf6 31. N@g4 N@e5 32. Nxe5 Bxe5 33. N@g4 Qg5 
34. N@e4 Qe7 35. Nxe5 Qxe5 36. B@e1 N@f2+ 37. Bxf2 exf2 38. P@h2 N@e3 39. Rxf2 
Nxd1 40. Rxd1 gxf2 41. Nxf2 R@e1+ 42. Rxe1 Qxe1+ 43. N@f1 Qxf2 44. N@g1 Qxg1+ 
45. Kxg1 Q@e3# 
{Thufir forfeits on time} 0-1

[Event "fics rated crazyhouse match"]
[Site "fics, Oklahoma City, OK USA"]
[Date "2000.12.23"]
[White "Blackcomb"]
[WhiteElo "2187"]
[Black "Thufir"]
[BlackElo "2323"]
[TimeControl "60+0"]
[Result "1-0"]

1. e4 e6 2. Nc3 Nc6 3. d4 Bb4 4. a3 Ba5 5. Nf3 Nf6 6. Bd3 
d5 7. e5 Ne4 8. O-O Bxc3 9. bxc3 Nxc3 10. Bg5 Qd7 11. Qe1 N@e4 
12. Bxe4 Nxe4 13. B@b5 P@g4 14. Bxc6 bxc6 15. N@h5 Rg8 16. Nxg7+ Rxg7 17. P@h6 
Rg8 18. N@g7+ Kf8 19. Nh4 Nxg5 20. Qe3 Ne4 21. Rae1 B@g5 22. Qxe4 dxe4 
23. Rxe4 Bxh6 24. Rxg4 Bxg7 25. P@f6 Bxf6 26. Rxg8+ Kxg8 27. N@h6+ Kg7 28. exf6+ 
Kxh6 29. B@g7+ Kg5 30. Nf3+ Kf4 31. P@e3+ Kf5 32. R@e5+ Kg6 33. Nh4# 
{Thufir checkmated} 1-0

[Event "fics rated crazyhouse match"]
[Site "fics, Oklahoma City, OK USA"]
[Date "2000.12.23"]
[White "Thufir"]
[WhiteElo "2312"]
[Black "Blackcomb"]
[BlackElo "2198"]
[TimeControl "60+0"]
[Result "1-0"]

1. e4 e6 2. d4 Nc6 3. Nc3 Bb4 4. Nf3 Nf6 5. e5 Ne4 6. Bd3 
Nxc3 7. bxc3 Bxc3+ 8. Bd2 Bxd2+ 9. Qxd2 P@f5 10. N@h5 Rg8 11. B@g5 B@e7 
12. Bxe7 Qxe7 13. B@g5 f6 14. exf6 gxf6 15. Nxf6+ Qxf6 16. Bxf6 P@e7 17. Bh4 
B@f8 18. Ng5 N@d6 19. Nxh7 Rxg2 20. P@e5 N@f3+ 21. Ke2 Nxd2 22. Kxd2 Nxd4 
23. exd6 Nf3+ 24. Ke2 Nd4+ 25. Kd1 P@b2 26. P@f7+ Kxf7 27. N@e5+ Kg7 28. Q@f7+ 
Kh8 29. N@g6# 
{Blackcomb resigns} 1-0

[Event "fics rated crazyhouse match"]
[Site "fics, Oklahoma City, OK USA"]
[Date "2000.12.23"]
[White "Blackcomb"]
[WhiteElo "2193"]
[Black "Thufir"]
[BlackElo "2317"]
[TimeControl "60+0"]
[Result "0-1"]

1. e4 e6 2. Nc3 d6 3. d4 Nf6 4. Nf3 Be7 5. Bd3 Nc6 6. Be3 
Ng4 7. O-O e5 8. d5 Nb4 9. Bc4 O-O 10. a3 Nxe3 11. fxe3 Na6 
12. Qe2 Nc5 13. b4 Nd7 14. a4 Nf6 15. N@f5 B@g4 16. Nxg7 Kxg7 17. P@g5 
Ng8 18. h3 Bxf3 19. Qxf3 Bxg5 20. B@f6+ Nxf6 21. Qxf6+ Bxf6 22. N@h5+ Kh8 
23. Nxf6 B@g3 24. B@g7+ Kxg7 25. Nh5+ Kh8 26. Nxg3 P@g7 27. Nce2 B@h4 28. B@h2 
N@g6 29. Rae1 N@d2 30. Ba2 Nxf1 31. Rxf1 Bxh3 32. gxh3 P@f4 33. B@f5 fxg3 
34. Nxg3 Bxg3 35. Bxg3 N@h5 36. P@h2 Nxg3 37. hxg3 N@e2+ 38. Kf2 Nxg3 39. Kxg3 
B@h4# 
{Blackcomb forfeits on time} 0-1

[Event "fics rated crazyhouse match"]
[Site "fics, Oklahoma City, OK USA"]
[Date "2000.12.23"]
[White "Thufir"]
[WhiteElo "2322"]
[Black "Blackcomb"]
[BlackElo "2188"]
[TimeControl "60+0"]
[Result "1-0"]

1. e4 e6 2. d4 Nc6 3. e5 d6 4. exd6 Bxd6 5. Nf3 Nf6 6. Nc3 
Bd7 7. P@e5 Nd5 8. Nxd5 exd5 9. exd6 cxd6 10. Bb5 P@e4 11. Ng5 Qe7 
12. O-O P@c7 13. B@h4 O-O 14. Bxc6 bxc6 15. Be3 f6 16. Nxh7 Kxh7 17. Qh5+ 
B@h6 18. P@g6+ Kh8 19. Bxh6 N@f5 20. Bxg7+ Kxg7 21. Qh7# 
{Blackcomb checkmated} 1-0

[Event "fics rated crazyhouse match"]
[Site "fics, Oklahoma City, OK USA"]
[Date "2000.12.23"]
[White "Blackcomb"]
[WhiteElo "2183"]
[Black "Thufir"]
[BlackElo "2327"]
[TimeControl "60+0"]
[Result "1-0"]

1. e4 e6 2. Nc3 Nc6 3. d4 Nf6 4. Nf3 Bb4 5. Bd3 d5 6. e5 
Ne4 7. O-O Bxc3 8. bxc3 Nxc3 9. Bg5 Qd7 10. Qe1 N@e4 11. Bxe4 Nxe4 
12. N@h5 Rg8 13. B@d3 Nxg5 14. Nxg5 P@e4 15. N@f6+ gxf6 16. Nxf6+ Kd8 17. Nxg8 
exd3 18. P@e7+ Nxe7 19. Nxe7 Qxe7 20. R@g8+ N@e8 21. N@g7 N@e2+ 22. Qxe2 dxe2 
23. Nxe8 exf1=Q+ 24. Rxf1 B@f8 25. P@f6 Qxe8 26. Rxf8 Qxf8 27. B@e7+ Qxe7 28. fxe7+ 
Kxe7 29. Q@f6+ Kd7 30. Qxf7+ P@e7 31. Qxe6+ Ke8 32. P@f7+ Kf8 33. Nxh7+ Kg7 
34. P@h6+ Kxh7 35. N@g5+ Kh8 36. P@g7# 
{Thufir checkmated} 1-0